 Dungeon Crawl Stone Soup version 0.31.0-12-g77e489cdc1 (webtiles) character file.

Game seed: 11193610727184778696

844 spaghetti the Fighter (level 8, 68/98 HPs)
             Began as an Oni Chaos Knight on Mar 7, 2024.
             Was a Plaything of Xom.
             Quit the game on level 5 of the Dungeon.
             The game lasted 00:06:44 (5075 turns).

spaghetti the Fighter (Oni Chaos Knight)            Turns: 5075, Time: 00:06:45

Health: 68/98      AC:  7    Str: 22    XL:     8   Next: 0%
Magic:  8/8        EV:  9    Int: 13    God:    Xom [....*.]
Gold:   291        SH:  0    Dex:  8    Spells: 7/7 levels left

rFire   . . .        l - +3 falchion
rCold   . . .        (no shield)
rNeg    . . .        i - +2 robe of Uneebymn {Will+ Str+3}
rPois   .            (helmet restricted)
rElec   .            (no cloak)
rCorr   .            (gloves unavailable)
SInv    .            (boots unavailable)
Will    +....        (no amulet)
Stlth   +            (no ring)
HPRegen 0.36/turn    (no ring)
MPRegen 0.11/turn

%: no passive effects
@: spiked, hasted, very quick
A: large, unfitting armour, horns 1, tough skin 1, double potion healing,
drunken brawling, iridescent scales 1, screaming 1
a: Renounce Religion


You were on level 5 of the Dungeon.
You worshipped Xom.
You were a beloved toy of Xom.
You visited 1 branch of the dungeon, and saw 5 of its levels.

You collected 291 gold pieces.

Inventory:

Hand Weapons
 a - a +0 falchion of chaos
 l - a +3 falchion (weapon)
Armour
 b - a +2 robe
 i - the +2 robe of Uneebymn (worn) {Will+ Str+3}
   (You found it on level 2 of the Dungeon)

   Str+3:     It affects your strength (+3).
   Will+:     It increases your willpower.
Scrolls
 c - a scroll of butterflies
 e - a scroll of fog
 g - a scroll of torment
 h - a scroll of identify
Potions
 f - a potion of enlightenment


   Skills:
 + Level 12.0 Fighting
 - Level 2.6 Long Blades
 - Level 2.1 Dodging


You had 7 spell levels left.
You didn't know any spells.
Your spell library contained the following spells:

 Spells                   Type           Power      Damage    Failure   Level
 Blink                    Tloc           0%         N/A       43%         2
 Lesser Beckoning         Tloc           0%         N/A       43%         2
 Momentum Strike          Conj/Tloc      0%         3d8       43%         2
 Fugue of the Fallen      Necr           0%         N/A       67%         3
 Gell's Gravitas          Tloc           0%         N/A       67%         3
 Ozocubu's Armour         Ice            0%         N/A       67%         3
 Teleport Other           Tloc           0%         N/A       67%         3
 Manifold Assault         Tloc           0%         N/A       97%         4


Dungeon Overview and Level Annotations

Branches:
Dungeon (5/15)
 Temple: D:4-7

Altars:
Fedhas


Innate Abilities, Weirdness & Mutations

You are too large for most types of armour.
You have a pair of small horns on your head.
You have tough skin. (AC +1)
You gain doubled healing and magic from potions.
Whenever you drink a healing potion, you attack all around you.
You are partially covered in iridescent scales. (AC +2)
You occasionally shout uncontrollably at your foes.


Message History

The adder bites you but does no damage. The adder barely misses you.
You barely miss the adder.
The adder is heavily wounded.
The adder bites you but does no damage. x2
You hit the adder but do no damage.
The adder is heavily wounded.
The adder barely misses you.
You miss the adder.
The adder is heavily wounded.
The adder bites you but does no damage. The adder bites you.
You hit the adder. Your headbutt misses the adder.
The adder is heavily wounded.
The adder bites you but does no damage.
You hit the adder.
The adder is almost dead.
The adder barely misses you. x2
You miss the adder.
The adder is almost dead.
The adder barely misses you.
You hit the adder.
You kill the adder!
Your Fighting skill increases to level 12!
You have reached level 8!
You hear Xom's maniacal laughter.
You are now a beloved toy of Xom.
There are monsters nearby!
There are monsters nearby!
There are monsters nearby!
You are too injured to fight recklessly!
You are too injured to fight recklessly!
You are too injured to fight recklessly!
You are too injured to fight recklessly!
You are too injured to fight recklessly!
You are too injured to fight recklessly!
You are too injured to fight recklessly!
You feel yourself speed up.
The red devil hits you from afar with a +0 trident!
Barbed spikes become lodged in your body.
Okay, then.
Okay, then.
Are you sure you want to abandon this character and quit the game? (Confirm with "yes".)

.......#>##..# #.# ###$
..........#..####.###.....
...#......................
##...###.##.######.##.....
#.#### (........#.###.###
#.. .# ##............# #.#
. #....545.##### #.#
######4### #.# #@# #.# #)#
#.# #4# #######.# #.#
........# #.. #########
###


You could see a rust devil (summoned), 2 red devils, a white imp (summoned) and
an ufetubus (summoned).

Vanquished Creatures
  Grinder (D:4)
  2 phantoms
  2 scorpions
  A howler monkey (D:4)
  An iguana (D:5)
  3 orc wizards
  Natasha (thrice) (D:4)
  Robin (D:2)
  6 adders
  2 dart slugs
  3 ribbon worms
  13 orcs
  6 endoplasms
  4 giant cockroaches
  9 hobgoblins
  2 jackals (D:4)
  4 quokkas
  3 ball pythons
  3 bats (D:1)
  3 frilled lizards
  15 goblins
  8 kobolds
  4 rats
99 creatures vanquished.

Vanquished Creatures (collateral kills)
  A hobgoblin (D:2)
1 creature vanquished.

Grand Total: 100 creatures vanquished

Notes
Turn   | Place    | Note
-------+----------+-------------------------------------------
     0 | D:1      | spaghetti the Oni Chaos Knight began the quest for the Orb.
     0 | D:1      | Reached XP level 1. HP: 24/24 MP: 1/1
    69 | D:1      | Reached XP level 2. HP: 31/33 MP: 2/2
   231 | D:1      | Reached skill level 5 in Fighting
   233 | D:1      | Found a faded altar of an unknown god.
   532 | D:1      | Reached XP level 3. HP: 42/42 MP: 3/3
   858 | D:1      | XOM: silly message
   874 | D:1      | XOM: silly message
  1037 | D:2      | Identified the +2 robe of Uneebymn {Will+ Str+3}
  1105 | D:2      | XOM: god gift: book of Battle
  1116 | D:2      | Noticed Robin
  1131 | D:2      | Reached skill level 6 in Fighting
  1148 | D:2      | Killed Robin
  1149 | D:2      | Reached XP level 4. HP: 40/53 MP: 4/4
  1393 | D:2      | Found a blossoming altar of Fedhas.
  2006 | D:3      | XOM: silly message
  2437 | D:3      | XOM: noise
  2440 | D:3      | XOM: silly message
  2469 | D:3      | Reached skill level 7 in Fighting
  2800 | D:4      | Reached XP level 5. HP: 55/62 MP: 5/5
  3003 | D:4      | Reached skill level 8 in Fighting
  3047 | D:4      | XOM: noise
  3265 | D:4      | Noticed Natasha
  3272 | D:4      | Killed Natasha
  3273 | D:4      | Reached XP level 6. HP: 74/74 MP: 6/6
  3333 | D:4      | Reached skill level 9 in Fighting
  3418 | D:4      | Noticed Natasha
  3418 | D:4      | XOM: 1-stop teleportation journey
  3427 | D:4      | XOM: enchant monster (bad)
  3465 | D:4      | Killed Natasha
  3495 | D:4      | Noticed Natasha
  3502 | D:4      | Killed Natasha
  3648 | D:4      | Noticed Grinder
  3659 | D:4      | Paralysed by Grinder for 4 turns
  3668 | D:4      | Killed Grinder
  3669 | D:4      | Reached skill level 10 in Fighting
  3669 | D:4      | Reached XP level 7. HP: 63/87 MP: 7/7
  3947 | D:4      | XOM: give mutation
  3947 | D:4      | Gained mutation: You are partially covered in iridescent
                  | scales. (AC +2) [Xom's mischief]
  4002 | D:4      | XOM: noise
  4062 | D:4      | XOM: noise
  4184 | D:4      | XOM: silly message
  4355 | D:4      | Reached skill level 11 in Fighting
  4610 | D:4      | XOM: give mutation
  4610 | D:4      | Gained mutation: You occasionally shout uncontrollably at
                  | your foes. [Xom's mischief]
  4618 | D:5      | Entered Level 5 of the Dungeon
  4656 | D:5      | XOM: 3-stop teleportation journey
  4672 | D:5      | XOM: chaos upgrade
  4682 | D:5      | XOM: enchant monster (bad)
  4828 | D:5      | XOM: 3-stop teleportation journey
  4829 | D:5      | XOM: 3-stop teleportation journey
  5032 | D:5      | XOM: enchant monster (bad)
  5042 | D:5      | XOM: noise
  5050 | D:5      | Reached skill level 12 in Fighting
  5050 | D:5      | Reached XP level 8. HP: 69/98 MP: 8/8
  5073 | D:5      | XOM: summons 5 hostile demons
  5074 | D:5      | Noticed a red devil
  5074 | D:5      | Noticed a rust devil
  5074 | D:5      | Noticed a red devil
  5075 | D:5      | Quit the game

Illustrated notes

Levels and vault maps discovered:
D:1:      elethiomel_arrival_infinity_welcomes_careful_drivers, layout_basic,
          chequers_ecumenical_altar_island, skrybe_limestone_x
D:2:      layout_basic, basic_altar, amethyst_killhole, uniq_robin
D:3:      layout_basic, minmay_circle_x
D:4:      layout_layer_cave, uniq_natasha, uniq_grinder
D:5:      layout_loops_ring, nzn_random_ring

Skill      XL: |  1  2  3  4  5  6  7 |
---------------+----------------------+-----
Fighting       | 5 6 7 8 10 12 | 12.0
Long Blades    | |  2.6
Dodging        | |  2.1

Action                     |  1- 3 |  4- 6 |  7- 9 || total
---------------------------+-------+-------+-------++-------
  Melee: Falchion          |   102 |   148 |    95 ||   345
         Headbutt          |    13 |    20 |    13 ||    46
         Punch             |       |     4 |     2 ||     6
    Use: Potion            |     1 |    12 |     1 ||    14
         Scroll            |       |     4 |     1 ||     5
   Stab: Sleeping          |       |     1 |       ||     1
 Armour: Robe              |    69 |   125 |    81 ||   275
         Skin              |    13 |    28 |       ||    41
  Dodge: Dodged            |    52 |    55 |    47 ||   154
